 Dungeon Crawl Stone Soup version 0.17.1-3-g152610e (webtiles) character file.

10528 Gargoyl the Cleaver (level 11, -3/89 HPs)
             Began as a Demonspawn Abyssal Knight on Mar 16, 2016.
             Was a High Priest of Lugonu.
             Slain by a minotaur
             ... wielding a +4 rod of destruction (4/11)
              (5 damage)
             ... in a labyrinth on Mar 17, 2016.
             The game lasted 00:30:47 (15000 turns).

Gargoyl the Cleaver (Demonspawn Abyssal Knight)    Turns: 15000, Time: 00:30:47

Health: -3/89      AC: 31    Str: 19 (21) XL:     11   Next: 37%
Magic:  14/14      EV:  8    Int: 12      God:    Lugonu [*****.]
Gold:   919        SH:  0    Dex: 10      Spells: 0 memorised, 10 levels left

rFire  . . .     SeeInvis .     i - +4 battleaxe (flame)
rCold  . . .     Clarity  +     a - +1 plate armour
rNeg   . . .     SustAt   .     (shield currently unavailable)
rPois  .         Gourm    .     (helmet restricted)
rElec  .         Spirit   .     E - +1 cloak
rCorr  .         Warding  .     c - +2 pair of gloves
rMut   .         Stasis   .     b - +2 pair of boots
MR     +++..                    (no amulet)
Stlth  ..........               o - ring of protection from magic
                                (no ring)

@: mighty, extremely resistant to hostile enchantments, extremely unstealthy
A: horns 1, rough black scales 2, clarity, deterioration 1, dopey 1, magic
resistance 2, screaming 1, spit poison 1
a: Spit Poison, Depart the Abyss, Bend Space, Banish, Corrupt, Enter the Abyss,
Renounce Religion


You were in a labyrinth.
You worshipped Lugonu.
Lugonu was extremely pleased with you.
You were not hungry.

You visited 3 branches of the dungeon, and saw 13 of its levels.
You visited the Abyss 1 time.
You also visited: Labyrinth and Sewer.

You collected 919 gold pieces.

Inventory:

Hand Weapons
 i - a +4 battleaxe of flaming (weapon)
 r - the +2 whip "Orb Guardian's Peril" {venom, rElec Dex+3}
   (You found it on level 4 of the Dungeon)

   It poisons the flesh of those it strikes.
   It affects your dexterity (+3).
   It insulates you from electricity.
 B - a cursed -2 battleaxe
Missiles
 F - 7 steel tomahawks (quivered)
Armour
 a - a +1 plate armour (worn)
 b - a +2 pair of boots (worn)
 c - a +2 pair of gloves (worn)
 E - a +1 cloak (worn)
Jewellery
 n - an uncursed ring of teleportation
 o - a ring of protection from magic (right hand)
Wands
 g - a wand of confusion (27)
 l - a wand of cold (0)
 w - a wand of disintegration (24)
 x - a wand of confusion (26)
 z - a wand of teleportation (1)
 A - a wand of confusion (28)
 C - a wand of draining (9)
 D - a wand of invisibility (3)
Scrolls
 f - 2 scrolls of remove curse
 h - 21 scrolls of identify
 p - 3 scrolls of magic mapping
 y - 3 scrolls of fog
Potions
 j - a potion of cancellation
 k - 3 potions of resistance
 q - 2 potions of brilliance
 s - a potion of might
Books
 e - a book of Death

   Spells                             Type                      Level
   a - Corpse Rot                     Necromancy                   2
   b - Sublimation of Blood           Necromancy                   2
   c - Agony                          Necromancy                   5
   d - Dispel Undead                  Necromancy                   5
   e - Excruciating Wounds            Charms/Necromancy            5
   f - Bolt of Draining               Conjuration/Necromancy       5
Comestibles
 d - 5 meat rations
 t - 3 bread rations
 u - 5 royal jellies


   Skills:
 + Level 9.2 Fighting
 + Level 9.5 Axes
 + Level 9.4 Armour
 + Level 5.0 Dodging
 + Level 2.0 Stealth
   Level 2.3 Shields
 + Level 4.0 Invocations
 + Level 0.4 Evocations


You had 10 spell levels left.
You didn't know any spells.

Dungeon Overview and Level Annotations

Branches:
Dungeon (11/15)            Temple (0/1) D:4            Lair (1/8) D:11
    Orc (1/4) D:9

Altars:
Elyvilon
Fedhas
Gozag
Nemelex Xobeh
Sif Muna
Trog
Vehumet
Xom
Yredelemnul
Zin
Jiyva

Annotations:
D:9 Grum


Innate Abilities, Weirdness & Mutations

You have a pair of small horns on your head.
You are mostly covered in rough black scales (AC +7, Dex -2).
You possess an exceptional clarity of mind.
Your body sometimes deteriorates upon taking damage.
You are dopey. (Int -2)
You are highly resistant to hostile enchantments.
You occasionally shout uncontrollably at your foes.
You can spit weak poison.


Message History

Something gores you but does no damage.
Your plate armour prevents you from hitting something.
Something blocks your attack. Something hits you but does no damage.
Something gores you but does no damage. Something blocks your attack.
Something hits you! Something gores you but does no damage.
Something blocks your attack.
You headbutt something. Something hits you but does no damage.
Something gores you but does no damage. Something blocks your attack.
Something hits you but does no damage. Something gores you!
Something blocks your attack. Something hits you!
Something gores you but does no damage. Something blocks your attack.
Something hits you. Something gores you!
* * * LOW HITPOINT WARNING * * *
You slash something! You burn something. Something hits you!
* * * LOW HITPOINT WARNING * * *
Something gores you but does no damage.
Unknown command.
You hit something but do no damage. Something hits you.
You die...

.. #.# .. #..
#.### ▓▓..
#####.#.# ≈≈▓. #
#.....#.#.≈≈▓.#.
### #.'@{.<≈▓. .
###
...#.#.#.≈≈▓. .#
###. #..#.# ≈≈▓.
# . ## .. ....
### ▓▓▓. .#
..... ######
.... .. #.#.###.
#.#.. ..# . ..#
# # ###.#.###. #
# . # #.#.# .. .
.#.# #.#. ##.#.


There were no monsters in sight!

Vanquished Creatures
  Nergalle (D:11)
  An unseen horror (D:10)
  2 hill giants
  Maurice (D:8)
  2 trolls
  2 two-headed ogres
  3 komodo dragons
  2 steam dragons
  3 wargs (D:9)
  A hungry ghost (D:7)
  3 hippogriffs
  9 orc warriors
  Purgy (Sewer)
  4 ogres
  4 ice beasts
  2 sky beasts
  A necrophage (D:9)
  3 centaurs
  A phantom (D:8)
  2 crocodiles (D:11)
  A big kobold (D:10)
  6 giant frogs
  2 scorpions
  16 killer bees (D:8)
  A wyvern skeleton (D:7)
  An electric eel (D:10)
  7 wights
  A crimson imp (D:8)
  2 hounds
  A giant frog zombie (D:10)
  3 jellies
  2 centaur skeletons
  3 orc priests
  5 iguanas (D:11)
  A giant frog skeleton (D:5)
  7 orc wizards
  5 worker ants
  12 adders
  3 shadow imps
  4 oozes
  A worm (D:2)
  8 giant geckos
  33 orcs
  2 ball pythons
  9 bats
  9 giant cockroaches
  6 goblins
  5 hobgoblins
  17 jackals
  2 quokkas
  3 giant newts
  16 kobolds
  4 rats
246 creatures vanquished.

Vanquished Creatures (others)
  A quokka (D:5)
1 creature vanquished.

Grand Total: 247 creatures vanquished

Notes
Turn   | Place    | Note
--------------------------------------------------------------
     0 | Abyss:1  | Gargoyl the Demonspawn Abyssal Knight began the quest for the Orb.
     0 | Abyss:1  | Reached XP level 1. HP: 18/18 MP: 2/2
    38 | Abyss:1  | Noticed a large abomination
    38 | Abyss:1  | Noticed an apocalypse crab
    39 | Abyss:1  | Noticed a rakshasa
    42 | D:1      | Escaped the Abyss
   200 | D:1      | Gained mutation: You are partially covered in rough black scales (AC +4, Dex -1). [demonic ancestry]
   200 | D:1      | Reached XP level 2. HP: 24/24 MP: 4/4
   240 | D:1      | Reached skill level 1 in Dodging
   247 | D:1      | Reached * piety under Lugonu
   969 | D:2      | Gained mutation: You have a pair of small horns on your head. [demonic ancestry]
   969 | D:2      | Reached XP level 3. HP: 16/29 MP: 5/5
  1321 | D:2      | Reached ** piety under Lugonu
  1518 | D:2      | Found a bloodstained altar of Trog.
  1642 | D:2      | Reached XP level 4. HP: 27/37 MP: 6/6
  2079 | D:2      | Found a blossoming altar of Fedhas.
  2103 | D:2      | Found a glowing silver altar of Zin.
  2369 | D:3      | Found a basalt altar of Yredelemnul.
  2421 | D:3      | Reached skill level 1 in Shields
  2421 | D:3      | Reached XP level 5. HP: 32/42 MP: 7/7
  2531 | D:3      | Found a faded altar to an unknown god.
  3465 | D:4      | Found a viscous altar of Jiyva.
  4296 | D:4      | Found a staircase to the Ecumenical Temple.
  4326 | D:5      | Entered Level 5 of the Dungeon
  4345 | D:5      | Reached skill level 1 in Stealth
  4406 | D:5      | Reached XP level 6. HP: 10/48 MP: 8/8
  4653 | D:5      | Reached skill level 4 in Fighting
  4753 | D:4      | Got a pitted whip
  4907 | D:4      | Identified the cursed +2 whip "Orb Guardian's Peril" {venom, rElec Dex+3} (You found it on level 4 of the Dungeon)
  5025 | D:5      | Found a white marble altar of Elyvilon.
  5096 | D:5      | Gained mutation: You are mostly covered in rough black scales (AC +7, Dex -2). [demonic ancestry]
  5096 | D:5      | Reached XP level 7. HP: 21/55 MP: 9/9
  5302 | D:5      | Found a deep blue altar of Sif Muna.
  6306 | D:6      | Reached *** piety under Lugonu
  6513 | D:6      | Found a glowing drain.
  6538 | Sewer    | Entered a sewer
  6550 | Sewer    | Noticed Purgy
  6554 | Sewer    | Killed Purgy
  6554 | Sewer    | Reached XP level 8. HP: 59/61 MP: 10/10
  6781 | D:6      | Reached skill level 5 in Fighting
  6850 | D:6      | Reached skill level 5 in Armour
  7508 | D:6      | Found a radiant altar of Vehumet.
  7510 | D:6      | Found a sparkling altar of Nemelex Xobeh.
  7716 | D:7      | Reached skill level 5 in Axes
  7742 | D:7      | Reached **** piety under Lugonu
  7751 | D:7      | Reached skill level 6 in Fighting
  7841 | D:7      | Reached XP level 9. HP: 69/69 MP: 11/11
  8635 | D:8      | Noticed Maurice
  8661 | D:8      | Killed Maurice
  8953 | D:8      | Gained mutation: You have sharp toenails. [mutagenic meat]
  8955 | D:8      | Gained mutation: You possess an exceptional clarity of mind. [mutagenic meat]
  8956 | D:8      | Gained mutation: You are resistant to hostile enchantments. [mutagenic meat]
  8957 | D:8      | Gained mutation: You are highly resistant to hostile enchantments. [mutagenic meat]
  9001 | D:8      | Reached skill level 7 in Armour
  9651 | D:9      | Noticed Grum
  9666 | D:9      | Gained mutation: Your flesh is heat resistant. [potion of mutation]
  9666 | D:9      | Gained mutation: You can spit weak poison. [potion of mutation]
 10004 | D:9      | Lost mutation: You have sharp toenails. [potion of mutation]
 10004 | D:9      | Gained mutation: You are robust (+10% HP). [potion of mutation]
 10134 | D:9      | Reached XP level 10. HP: 77/86 MP: 13/13
 10144 | D:9      | Found a staircase to the Orcish Mines.
 10891 | D:9      | Gained mutation: You are dopey. (Int -2) [potion of mutation]
 10891 | D:9      | Gained mutation: Your body sometimes deteriorates upon taking damage. [potion of mutation]
 10891 | D:9      | Gained mutation: You occasionally shout uncontrollably at your foes. [potion of mutation]
 10914 | D:9      | Reached skill level 8 in Armour
 11016 | Orc:1    | Entered Level 1 of the Orcish Mines
 11225 | D:10     | Entered Level 10 of the Dungeon
 11316 | D:10     | Reached ***** piety under Lugonu
 11383 | D:10     | Killed an unseen horror
 11471 | D:10     | Lost mutation: Your flesh is heat resistant. [potion of mutation]
 11471 | D:10     | Lost mutation: You are robust (+10% HP). [potion of mutation]
 11481 | D:10     | Found an opulent altar of Gozag.
 11811 | D:10     | Noticed a hill giant
 11817 | D:10     | Killed a hill giant
 12106 | D:11     | Reached XP level 11. HP: 77/87 MP: 14/14
 12575 | D:11     | Noticed Nergalle
 12605 | D:11     | Killed Nergalle
 12605 | D:11     | Reached skill level 9 in Axes
 12905 | D:11     | Found a shimmering altar of Xom.
 13274 | D:11     | Found a staircase to the Lair.
 13275 | D:11     | Noticed a hill giant
 13753 | D:11     | Killed a hill giant
 14528 | Lair:1   | Entered Level 1 of the Lair of Beasts
 14540 | Lair:1   | Reached skill level 5 in Dodging
 14692 | Lair:1   | Found a labyrinth entrance.
 14703 | Lab      | Entered a labyrinth
 14986 | Lab      | Noticed a minotaur
 14999 | Lab      | HP: 2/89 [something (16)]
 15000 | Lab      | Identified a +4 rod of destruction (4/11)
 15000 | Lab      | Slain by a minotaur

Action                   |  1- 3 |  4- 6 |  7- 9 | 10-12 || total
-------------------------+-------+-------+-------+-------++-------
Melee: Hand axe          |   144 |   185 |   117 |       ||   446
       Battleaxe         |       |       |   221 |   299 ||   520
       Whip              |       |       |     8 |     7 ||    15
Invok: Depart the Abyss  |     1 |       |       |       ||     1
       Bend Space        |       |       |     2 |       ||     2
 Abil: Evoke Teleportati |       |     1 |     1 |       ||     2
       Spit Poison       |       |       |     1 |       ||     1
Evoke: Wand              |       |       |       |     2 ||     2
  Use: Scroll            |     4 |     7 |     7 |     9 ||    27
       Potion            |     1 |     1 |    13 |     8 ||    23
 Stab: Sleeping          |     1 |       |       |       ||     1
  Eat: Chunk             |     2 |     8 |    13 |     8 ||    31
       Bread ration      |       |     1 |     1 |       ||     2
       Beef jerky        |       |       |     1 |     1 ||     2
       Fruit             |       |       |     3 |       ||     3
       Royal jelly       |       |       |     1 |     3 ||     4
